 Dungeon Crawl Stone Soup version 0.21.1-1-g345015f (webtiles) character file.

12126 Melicamp the Nimble (level 11, -6/115 HPs)
             Began as a Troll Monk on Mar 21, 2018.
             Was a High Priest of Cheibriados.
             Mangled by a five-headed hydra (11 damage)
             ... on level 1 of the Lair of Beasts on Mar 22, 2018.
             The game lasted 01:05:00 (10015 turns).

Melicamp the Nimble (Troll Monk)                   Turns: 10015, Time: 01:05:01

Health: -6/115     AC:  6    Str: 36    XL:     11   Next: 58%
Magic:  24/24      EV: 18    Int: 18    God:    Cheibriados [*****.]
Gold:   791        SH:  0    Dex: 24    Spells: 6/17 levels left

rFire    + + .     SeeInvis .     - Unarmed
rCold    + . .     Gourm    +   (no shield)
rNeg     . . .     Faith    .   a - +1 robe
rPois    .         Spirit   .   (helmet restricted)
rElec    .         Reflect  .   H - scarf {rC+ rF+}
rCorr    .         Harm     .   (gloves unavailable)
MR       .....                  (boots unavailable)
Stlth    ++........             (no amulet)
HPRegen  0.69/turn              G - ring of magical power
MPRegen  0.19/turn              z - ring of protection from fire

@: very slow
A: large, unfitting armour, claws 3, fast metabolism 3, gourmand, regeneration
1, shaggy fur 1, tough skin 2
a: Bend Time, Temporal Distortion, Slouch, Step From Time, Renounce Religion


You were on level 1 of the Lair of Beasts.
You worshipped Cheibriados.
Cheibriados was extremely pleased with you.
You were completely stuffed.

You visited 3 branches of the dungeon, and saw 13 of its levels.

You collected 791 gold pieces.

Inventory:

Missiles
 c - 315 stones (quivered)
Armour
 a - a +1 robe (worn)
 y - a scarf of spirit shield
 H - a scarf of resistance (worn)
Jewellery
 x - a +2 ring of intelligence
 z - a ring of protection from fire (right claw)
 G - a ring of magical power (left claw)
Wands
 f - a wand of iceblast (16)
 n - a wand of random effects (21)
 t - a wand of flame (21)
 u - a wand of digging (30)
 v - a wand of acid (7)
 B - a wand of polymorph (13)
Scrolls
 d - 3 scrolls of remove curse
 e - a scroll of immolation {unknown}
 h - 2 scrolls of amnesia
 i - 5 scrolls of teleportation
 j - 3 scrolls of magic mapping
 k - 3 scrolls of blinking {unknown}
 m - a scroll of enchant weapon {unknown}
 o - 3 scrolls of identify
 p - 2 scrolls of enchant armour
 w - a scroll of fear {unknown}
 F - a scroll of vulnerability {unknown}
 I - a scroll of random uselessness {unknown}
Potions
 g - a potion of brilliance
 l - 2 potions of flight {unknown}
 q - 3 potions of might
 r - a potion of resistance
 s - 2 potions of curing
 A - 4 potions of heal wounds
 E - a potion of magic
Books
 C - a book of Conjurations

   Spells                             Type                      Level
   a - Magic Dart                     Conjuration                  1
   b - Searing Ray                    Conjuration                  2
   c - Dazzling Spray                 Conjuration/Hexes            3
   d - Fulminant Prism                Conjuration/Hexes            4
   e - Force Lance                    Conjuration/Translocation    4
   f - Iskenderun's Mystic Blast      Conjuration                  4
 D - a book of Necromancy

   Spells                             Type                      Level
   a - Pain                           Necromancy                   1
   b - Animate Skeleton               Necromancy                   1
   c - Vampiric Draining              Necromancy                   3
   d - Regeneration                   Charms/Necromancy            3
   e - Animate Dead                   Necromancy                   4
   f - Borgnjor's Vile Clutch         Necromancy/Earth             5
Comestibles
 b - 19 rations
 J - 14 chunks of flesh


   Skills:
 - Level 9.1 Fighting
 - Level 9.6 Dodging
 - Level 1.0 Stealth
 - Level 9.5 Unarmed Combat
 * Level 3.7 Spellcasting
 + Level 1.9 Necromancy


You had 6 spell levels left.
You knew the following spells:

 Your Spells              Type           Power        Failure   Level  Hunger
a - Pain                  Necr           ##..         7%          1    None
b - Magic Dart            Conj           #...         16%         1    None
c - Regeneration          Chrm/Necr      #.........   30%         3    ###....
d - Vampiric Draining     Necr           ##........   21%         3    ###....
e - Dazzling Spray        Conj/Hex       #.....       41%         3    ###....


Dungeon Overview and Level Annotations

Branches:
Dungeon (11/15)            Temple (1/1) D:7            Lair (1/6) D:10
    Orc: D:9-12

Altars:
Ashenzari
Cheibriados
Dithmenos
Elyvilon
Fedhas
Gozag
Hepliaklqana
Kikubaaqudgha
Makhleb
Nemelex Xobeh
Okawaru
Ru
Sif Muna
Trog
Uskayaw
Vehumet
Wu Jian
Xom
Yredelemnul
Zin
The Shining One

Shops:
D:10 *

Annotations:
D:4 1 transporter
D:8 1 runed door, exclusion: 4 orange crystal statues


Innate Abilities, Weirdness & Mutations

You are too large for most types of armour.
You have claws for hands.
Your metabolism is lightning-fast.
You like to eat raw meat.
Your natural rate of healing is unusually fast.
You are covered in fur. (AC +1)
You have very tough skin. (AC +2)


Message History

The crocodile bites you!
* * * LOW HITPOINT WARNING * * *
The five-headed hydra bites you.
* * * LOW HITPOINT WARNING * * *
The five-headed hydra misses you. The five-headed hydra bites you!
* * * LOW HITPOINT WARNING * * *
The five-headed hydra misses you.
The five-headed hydra bites you but does no damage.
The crocodile closely misses you.
There are monsters nearby!
Evoke which item? (* to show all) (? for menu, Esc to quit)
Aiming: Polymorph
Press: ? - help, Shift-Dir - straight line, f/p - five-headed hydra
Aim: a five-headed hydra (chance to defeat MR: 15%)
The five-headed hydra resists with almost no effort.
The five-headed hydra closely misses you. x2
The five-headed hydra bites you.
* * * LOW HITPOINT WARNING * * *
The five-headed hydra bites you!
You die...

# # ###.###?.
#.#......
###........ .#
###.......... ..#
##............
....###@D...........
#.......t...........
#...................
###..............###
# #..............##
#.#...........##.#
##...........## ##
#...........#.#
#......รท....###


You could see a five-headed hydra and a crocodile.

Vanquished Creatures
  2 two-headed ogres
  Pikel (D:5)
  An ugly thing (D:10)
  A manticore (D:10)
  Maurice (D:10)
  Joseph (D:9)
  The ghost of quickben the Caller, a novice GnSu (D:5)
  A gargoyle (D:10)
  A komodo dragon (D:10)
  A queen bee (D:8)
  A troll (D:10)
  A shadow (D:10)
  4 yaks (D:10)
  A steam dragon (D:10)
  The ghost of Zgarb the Conjurer, an amateur TeCj (D:3)
  3 water moccasins
  5 porcupines (D:10)
  3 orc warriors
  A sky beast (D:6)
  A black bear (D:7)
  3 slaves (D:6)
  6 ice beasts
  4 wolves
  4 ogres
  A crocodile (Lair:1)
  2 centaurs
  A big kobold (D:9)
  6 bullfrogs
  5 scorpions
  13 wights
  25 killer bees
  A howler monkey (D:4)
  A bullfrog zombie (D:7)
  8 crimson imps
  A quasit (D:5)
  A gnoll shaman (D:5)
  3 jellies
  3 orc priests (D:9)
  2 centaur skeletons
  A hound (D:8)
  5 orc wizards
  Jessica (D:5)
  5 iguanas
  9 worker ants
  A killer bee zombie (D:8)
  A hound zombie (D:7)
  A hound skeleton (D:7)
  A howler monkey skeleton (D:4)
  13 adders
  6 gnolls
  2 shadow imps
  An adder zombie (D:8)
  2 adder skeletons
  3 worms
  3 dart slugs
  7 leopard geckos
  17 orcs
  6 bats
  5 giant cockroaches
  8 goblins
  6 hobgoblins
  7 jackals
  A quokka (D:4)
  3 ball pythons
  2 frilled lizards
  A giant cockroach zombie (D:5)
  A jackal zombie (D:5)
  10 kobolds
  A quokka skeleton (D:5)
  5 rats
  20 fungi
  2 plants (D:10)
279 creatures vanquished.

Vanquished Creatures (others)
  19 fungi
  8 plants
27 creatures vanquished.

Grand Total: 306 creatures vanquished

Notes
Turn   | Place    | Note
-------+----------+-------------------------------------------
     0 | D:1      | Melicamp the Troll Monk began the quest for the Orb.
     0 | D:1      | Reached XP level 1. HP: 22/22 MP: 0/0
   210 | D:1      | Reached XP level 2. HP: 28/29 MP: 1/1
   849 | D:1      | Reached XP level 3. HP: 31/36 MP: 2/2
  1734 | D:3      | Reached skill level 5 in Unarmed Combat
  1734 | D:3      | Reached XP level 4. HP: 42/44 MP: 3/3
  1874 | D:3      | Noticed Zgarb's ghost (amateur TeCj)
  2094 | D:3      | Killed Zgarb's ghost
  2094 | D:3      | Reached XP level 5. HP: 38/50 MP: 4/4
  2579 | D:4      | Found a transporter.
  2581 | D:4      | Noticed an ice beast
  2581 | D:4      | Noticed an ice beast
  2581 | D:4      | Noticed an ice beast
  2616 | D:4      | Found a transporter.
  2678 | D:4      | Reached XP level 6. HP: 58/59 MP: 5/5
  2984 | D:5      | Entered Level 5 of the Dungeon
  3105 | D:5      | Reached XP level 7. HP: 30/66 MP: 6/6
  3223 | D:5      | Noticed quickben's ghost (novice GnSu)
  3259 | D:5      | Killed quickben's ghost
  3540 | D:5      | Reached XP level 8. HP: 74/74 MP: 7/7
  3569 | D:5      | Noticed Jessica
  3708 | D:5      | Killed Jessica
  3712 | D:5      | Found a deep blue altar of Sif Muna.
  3892 | D:6      | Noticed Pikel
  3923 | D:5      | Killed Pikel
  4033 | D:6      | Reached skill level 5 in Dodging
  4390 | D:4      | Reached XP level 9. HP: 77/85 MP: 8/8
  4852 | D:6      | Reached skill level 5 in Fighting
  5261 | D:7      | Found a staircase to the Ecumenical Temple.
  5689 | D:7      | Found a glowing golden altar of the Shining One.
  5691 | D:7      | Found a white marble altar of Elyvilon.
  5697 | D:7      | Found a glowing silver altar of Zin.
  5850 | Temple   | Entered the Ecumenical Temple
  6089 | Temple   | Became a worshipper of Cheibriados the Contemplative
  6089 | Temple   | Reached * piety under Cheibriados
  6089 | Temple   | Reached ** piety under Cheibriados
  6191 | D:8      | Found a sacrificial altar of Ru.
  6290 | D:8      | Noticed a queen bee
  6301 | D:8      | Killed a queen bee
  6311 | D:8      | Reached XP level 10. HP: 59/98 MP: 9/9
  6619 | D:8      | Reached *** piety under Cheibriados
  6830 | D:8      | Noticed a two-headed ogre
  6835 | D:8      | Killed a two-headed ogre
  6849 | D:8      | Found a runed door.
  6865 | D:8      | Found the +10 large shield of Ignorance {rN+ Int-4}
  6865 | D:8      | Noticed an orange crystal statue
  6865 | D:8      | Noticed an orange crystal statue
  6865 | D:8      | Noticed an orange crystal statue
  6865 | D:8      | Noticed an orange crystal statue
  6992 | D:8      | Found a runed door.
  7374 | D:9      | Learned a level 1 spell: Magic Dart
  7594 | D:9      | Noticed Joseph
  7609 | D:9      | Killed Joseph
  7801 | D:9      | Found a shadowy altar of Dithmenos.
  7910 | D:9      | Reached **** piety under Cheibriados
  8222 | D:10     | Entered Level 10 of the Dungeon
  8226 | D:10     | Noticed a two-headed ogre
  8231 | D:10     | Killed a two-headed ogre
  8231 | D:10     | Reached skill level 1 in Spellcasting
  8416 | D:10     | Noticed a manticore
  8429 | D:10     | Killed a manticore
  8429 | D:10     | Reached XP level 11. HP: 91/111 MP: 8/12
  8513 | D:10     | Noticed Maurice
  8550 | D:10     | Killed Maurice
  8972 | D:10     | Found a staircase to the Lair.
  9016 | D:10     | Noticed a red ugly thing
  9025 | D:10     | Killed a red ugly thing
  9064 | D:10     | Found Sima Qul's General Store.
  9207 | D:10     | Learned a level 1 spell: Pain
  9209 | D:10     | Learned a level 1 spell: Magic Dart
  9213 | D:10     | Learned a level 3 spell: Regeneration
  9217 | D:10     | Learned a level 3 spell: Vampiric Draining
  9221 | D:10     | Learned a level 3 spell: Dazzling Spray
  9472 | D:10     | Reached ***** piety under Cheibriados
  9864 | Lair:1   | Entered Level 1 of the Lair of Beasts
  9873 | D:10     | Reached skill level 1 in Necromancy
 10002 | Lair:1   | Noticed a four-headed hydra
 10015 | Lair:1   | HP: 5/115 [five-headed hydra (4)]
 10015 | Lair:1   | Mangled by a five-headed hydra

Skill      XL: |  1  2  3  4  5  6  7  8  9 10 11 |
---------------+----------------------------------+-----
Unarmed Combat | 4 5 6 8 9 |  9.5
Dodging        | 5 8 9 |  9.6
Fighting       | 4 6 8 9 |  9.1
Spellcasting   | 1 3 |  3.7
Necromancy     | 1 |  1.9
Stealth        | |  1.0

Action                   |  1- 3 |  4- 6 |  7- 9 | 10-12 || total
-------------------------+-------+-------+-------+-------++-------
Melee: Unarmed           |   101 |   120 |   294 |   408 ||   923
       Punch             |       |     3 |    21 |    20 ||    44
Throw: Stone             |       |     3 |     4 |    10 ||    17
       Large rock        |       |       |     4 |       ||     4
 Cast: Pain              |       |       |       |     1 ||     1
Evoke: Wand              |       |       |     1 |     4 ||     5
  Use: Scroll            |     1 |     4 |     2 |     4 ||    11
       Potion            |       |       |    12 |     2 ||    14
 Stab: Sleeping          |     1 |     3 |     1 |     7 ||    12
       Distracted        |       |       |       |     1 ||     1
  Eat: Chunk             |    20 |    14 |    18 |    29 ||    81
       Ration            |       |       |     1 |       ||     1
Armor: Robe              |    33 |    25 |    72 |    47 ||   177
Dodge: Dodged            |    49 |    40 |   174 |   343 ||   606
